 Dungeon Crawl Stone Soup version 0.28.0-45-g0d030f2227 (webtiles) character file.

Game seed: 18138315530608929394

94 Icepheonix32 the Covered (level 4, 0/35 HPs)
             Began as a Demonspawn Fighter on Apr 13, 2022.
             Slain by a gnoll
             ... wielding a +4 halberd
              (6 damage)
             ... on level 2 of the Dungeon.
             The game lasted 00:02:27 (2183 turns).

Icepheonix32 the Covered (Demonspawn Fighter)       Turns: 2183, Time: 00:02:28

Health: 0/35       AC:  6    Str: 18    XL:     4   Next: 38%
Magic:  4/4        EV:  9    Int: 10    God:
Gold:   31         SH:  4    Dex: 12    Spells: 3/3 levels left

rFire   . . .      SeeInvis .   g - +0 dagger (elec)
rCold   . . .      Faith    .   c - +0 buckler
rNeg    . . .      Spirit   .   b - +0 scale mail
rPois   .          Reflect  .   (no helmet)
rElec   .          Harm     .   (no cloak)
rCorr   .          Rampage  .   (no gloves)
Will    .....                   (no boots)
Stlth   ..........              (no amulet)
HPRegen 0.11/turn               (no ring)
MPRegen 0.09/turn               (no ring)

@: no status effects
A: ignite blood 1, demonic touch 1
a: no special abilities


You were on level 2 of the Dungeon.
You visited 1 branch of the dungeon, and saw 2 of its levels.

You collected 31 gold pieces.

Inventory:

Hand Weapons
 a - a +0 long sword
 g - a +0 dagger of electrocution (weapon)
Armour
 b - a +0 scale mail (worn)
 c - a +0 buckler (worn)
Scrolls
 d - a scroll of noise {unknown}
 f - a scroll of teleportation {unknown}
Potions
 e - a potion of curing


   Skills:
 + Level 3.4 Fighting
 - Level 0.8(1.5) Short Blades
 - Level 1.9(2.1) Long Blades
 + Level 3.5 Armour
 + Level 0.2 Dodging
 + Level 2.9 Shields
 * Level 1.4 Unarmed Combat


You had 3 spell levels left.
You didn't know any spells.
Your spell library was empty.

Dungeon Overview and Level Annotations

Branches:
Dungeon (2/15)

Altars:

Shops:
D:1 (


Innate Abilities, Weirdness & Mutations

Your demonic aura sometimes causes spilled blood to erupt in flames.
Your touch may inflict minor irresistible damage on your foes.


Message History

The bat is moderately wounded.
The bat hits you but does no damage. The bat closely misses you.
The gnoll barely misses you.
You closely miss the bat.
The bat is moderately wounded.
The bat barely misses you. The bat hits you but does no damage.
The gnoll barely misses you. The bat hits you but does no damage.
The bat closely misses you.
It was a potion of curing.
You feel better.
There is a stone staircase leading up here.
The gnoll hits you with a +4 halberd. The bat barely misses you.
You hit the gnoll.
The gnoll is moderately wounded.
The bat hits you but does no damage. The gnoll hits you with a +4 halberd!
You hit the gnoll but do no damage.
The gnoll is moderately wounded.
You block the bat's attack. The gnoll closely misses you.
You hit the gnoll but do no damage.
The gnoll is moderately wounded.
The bat hits you but does no damage. The gnoll barely misses you.
Unknown command.
You hit the gnoll.
The gnoll is heavily wounded.
You block the bat's attack. The bat hits you. The gnoll barely misses you.
You hit the gnoll but do no damage.
The gnoll is heavily wounded.
The bat hits you but does no damage. The gnoll barely misses you.
You closely miss the gnoll.
The gnoll is heavily wounded.
The bat hits you but does no damage. The gnoll hits you but does no damage.
You hit the gnoll but do no damage.
The gnoll is heavily wounded.
The bat hits you but does no damage. The gnoll hits you with a +4 halberd!
* * * LOW HITPOINT WARNING * * *
The bat barely misses you.
You completely miss the gnoll.
The gnoll is heavily wounded.
The bat closely misses you. The gnoll hits you with a +4 halberd.
You die...

#####.#..###
#...#....######
#.#####.......#
#...#....####.#
# ###.#.##.#
#.# . #...##.#
#.# .# ######.#
#.##.# #.#
##g...#
#.###.@...####
#.....b.......
#####.....####
##...## #####


You could see a gnoll and a bat.

Vanquished Creatures
  3 gnolls
  2 adders (D:2)
  2 worms (D:2)
  6 ball pythons (D:1)
  6 endoplasms (D:1)
  3 giant cockroaches
  4 goblins (D:1)
  A hobgoblin (D:1)
  A kobold (D:1)
  3 quokkas
  A bat (D:2)
  3 frilled lizards (D:1)
  4 rats
39 creatures vanquished.

Notes
Turn   | Place    | Note
-------+----------+-------------------------------------------
     0 | D:1      | Icepheonix32 the Demonspawn Fighter began the quest for the
                  | Orb.
     0 | D:1      | Reached XP level 1. HP: 18/18 MP: 1/1
   261 | D:1      | Gained mutation: Your touch may inflict minor irresistible
                  | damage on your foes. [demonic ancestry]
   261 | D:1      | Reached XP level 2. HP: 24/24 MP: 2/2
   289 | D:1      | Found Wear's Weapon Boutique.
   834 | D:1      | Reached XP level 3. HP: 25/29 MP: 3/3
  1145 | D:1      | Reached skill level 1 in Unarmed Combat
  1610 | D:2      | Gained mutation: Your demonic aura sometimes causes spilled
                  | blood to erupt in flames. [demonic ancestry]
  1610 | D:2      | Reached XP level 4. HP: 5/35 MP: 4/4
  2036 | D:2      | Found a faded altar of an unknown god.
  2183 | D:2      | Slain by a gnoll

Illustrated notes

Levels and vault maps discovered:
D:1:      minmay_arrival_stone_box, layout_loops_cross, serial_shops,
          nicolae_shop_bloodbath_and_beyond, chequers_big_river
D:2:      layout_loops_ring, basic_altar, chequers_ecumenical_altar_simple_redux

Skill      XL: |  1  2  3 |
---------------+----------+-----
Armour         | 3 |  3.5
Unarmed Combat | 1 |  1.4
Fighting       | |  3.4
Short Blades   | |  0.8
Long Blades    | |  1.9
Dodging        | |  0.2
Shields        | |  2.9

Action                   |  1- 3 |  4- 6 || total
-------------------------+-------+-------++-------
Melee: Long sword        |    34 |       ||    34
       Dagger            |    53 |    39 ||    92
  Use: Potion            |     1 |     1 ||     2
Armor: Scale mail        |    39 |    18 ||    57
Dodge: Dodged            |    34 |    20 ||    54
Block: Buckler           |    22 |     5 ||    27
